 Dungeon Crawl Stone Soup version 0.31.0-11-ge490571c62 (webtiles) character file.

Game seed: 15417269016410547550

116 hawla the Ruffian (level 4, -2/35 HPs)
             Began as a Draconian Shapeshifter on Feb 9, 2024.
             Slain by a kobold brigand
             ... wielding a +0 dagger
              (8 damage)
             ... in a sewer.
             The game lasted 00:08:07 (2659 turns).

hawla the Ruffian (Draconian Shapeshifter)          Turns: 2659, Time: 00:08:08

Health: -2/35      AC:  5    Str: 16    XL:     4   Next: 69%
Magic:  8/8        EV: 11    Int: 13    God:
Gold:   180        SH:  8    Dex: 13    Spells: 9/9 levels left

rFire   . .          .
                       - Unarmed
rCold   . . .        d - +1 kite shield of Grace {Regen+ Dex+3}
rNeg    . . .        (body armour unavailable)
rPois   .            (helmet currently unavailable)
rElec   .            (cloak currently unavailable)
rCorr   .            (gloves currently unavailable)
SInv    .            (boots currently unavailable)
Will    .....        n - amulet of magic regeneration
Stlth   +            (no ring)
HPRegen 1.05/turn    (no ring)
MPRegen 0.51/turn

%: no passive effects
@: beast-form
A: beast (slay +1), AC +5, unfitting armour, cold-blooded
a: Begin Untransformation


You were in a sewer.
You were a hulking beast.
You visited 1 branch of the dungeon, and saw 4 of its levels.
You also visited: Sewer.

You collected 180 gold pieces.

Inventory:

Armour
 d - the +1 kite shield of Grace (worn) {Regen+ Dex+3}
   (You acquired it on level 2 of the Dungeon)

   Dex+3:     It affects your dexterity (+3).
   Regen+:    It increases your rate of health regeneration.
 g - a +0 pair of gloves
Jewellery
 n - an amulet of magic regeneration (around neck)
Talismans
 b - a beast talisman
 c - a flux talisman
Wands
 r - a wand of light (8) (quivered)
Scrolls
 h - a scroll of noise {unknown}
 i - a scroll of fear
Potions
 a - a potion of lignification
 e - 2 potions of curing
 f - 3 potions of haste
 l - a potion of experience {unknown}
 o - 3 potions of heal wounds {unknown}
 t - 2 potions of cancellation {unknown}


   Skills:
 + Level 1.4 Fighting
 - Level 3.0 Dodging
 - Level 3.0 Unarmed Combat
 - Level 3.0 Spellcasting
 + Level 0.5 Evocations
 - Level 3.0 Shapeshifting


You had 9 spell levels left.
You didn't know any spells.
Your spell library contained the following spells:

 Spells                   Type           Power      Damage    Failure   Level
 Freeze                   Ice            4%         1d3       61%         1
 Magic Dart               Conj           4%         1d3       61%         1
 Blink                    Tloc           2%         N/A       75%         2
 Call Imp                 Summ           2%         N/A       75%         2
 Searing Ray              Conj           2%         2d4       75%         2
 Frozen Ramparts          Ice            2%         1d1       93%         3
 Hailstorm                Conj/Ice       1%         3d5       93%         3
 Fulminant Prism          Conj/Alch      0%         3d5       100%        4


Dungeon Overview and Level Annotations

Branches:
Dungeon (4/15)              Sewer (1/1)
 Temple: D:4-7

Altars:


Innate Abilities, Weirdness & Mutations

You are a hulking beast.
Your limbs bulge with bestial killing power. (Slay +1)
Your plain brown scales are hard. (AC +5)
You cannot fit into any form of body armour.
You are cold-blooded and may be slowed by cold attacks.


Message History

The kobold barely misses you. You block the kobold's attack.
The kobold brigand hits you but does no damage.
You hit the kobold brigand but do no damage.
The kobold brigand is severely wounded.
The kobold barely misses you.
The kobold hits you with a +0 short sword.
The kobold barely misses you.
The kobold brigand hits you with a +0 dagger.
You hit the kobold brigand.
The kobold brigand is severely wounded.
You block the kobold's attack. The kobold hits you but does no damage.
The kobold barely misses you.
The kobold brigand hits you with a +0 dagger.
You hit the kobold brigand but do no damage.
The kobold brigand is severely wounded.
The kobold splashes around in the water.
The kobold closely misses you. You block the kobold's attack.
The kobold brigand hits you with a +0 dagger.
You closely miss the kobold brigand.
You tail-slap the kobold brigand, but do no damage.
The kobold brigand is severely wounded.
You block the kobold's attack.
The kobold hits you with a +0 short sword.
You block the kobold's attack.
The kobold brigand hits you with a +0 dagger.
The kobold misses you.
You hit the kobold brigand.
The kobold brigand is almost dead.
The kobold hits you but does no damage. x2
The kobold brigand hits you with a +0 dagger.
The kobold hits you but does no damage.
You hit the kobold brigand.
The kobold brigand is almost dead.
The kobold hits you but does no damage. The kobold closely misses you.
The kobold brigand hits you with a +0 dagger!
* * * LOW HITPOINT WARNING * * *
The kobold hits you but does no damage. You block the kobold's attack.
The kobold barely misses you.
The kobold brigand hits you with a +0 dagger!
You die...

### #### ###.####..#
#####..........
###...........†..
#................ ####
##................
#...?#K.....P..........
#.!..Kh~~...~~~.......~
#[∩..KK~....~~~~~~.P.~~
#..!.#~~~.~~P~~~~P..P~~
##############~#######~
~~~ ~~~ ≈≈ ≈≈≈


You could see a kobold brigand and 3 kobolds.

Vanquished Creatures
  3 adders
  4 ribbon worms (D:2)
  2 dart slugs
  An orc (D:3)
  8 ball pythons
  2 bats (D:1)
  8 endoplasms
  A giant cockroach (D:1)
  4 goblins
  4 hobgoblins
  4 jackals (D:2)
  4 quokkas
  3 frilled lizards
  14 kobolds
  9 rats
71 creatures vanquished.

Notes
Turn   | Place    | Note
-------+----------+-------------------------------------------
     0 | D:1      | hawla the Draconian Shapeshifter began the quest for the
                  | Orb.
     0 | D:1      | Reached XP level 1. HP: 16/16 MP: 1/1
   164 | D:1      | Reached skill level 1 in Spellcasting
   164 | D:1      | Reached XP level 2. HP: 20/23 MP: 3/3
   300 | D:1      | Found a faded altar of an unknown god.
   694 | D:2      | Identified a scroll of acquirement
   694 | D:2      | Acquired the +1 kite shield of Grace {Regen+ Dex+3}
   812 | D:2      | Reached XP level 3. HP: 23/28 MP: 5/5
  1320 | D:2      | Reached XP level 4. HP: 35/35 MP: 7/7
  2525 | D:4      | Found a glowing drain.
  2534 | Sewer    | Entered a sewer
  2635 | Sewer    | Noticed a kobold brigand
  2659 | Sewer    | Slain by a kobold brigand

Illustrated notes

Levels and vault maps discovered:
D:1:      minmay_arrival_semitransparent, layout_loops_ring,
          basic_ecumenical_altar, serial_glass, glass_columns_a, glass_columns_a
D:2:      layout_basic, grunt_decor_clamped, kennysheep_pointless_box,
          nicolae_concentric_dashed_squares_wild
D:3:      layout_basic
D:4:      layout_layer_cave, mainiacjoe_overflow_boulevard,
          portal_sewer_entry_d, chequers_hall_statues_corner_a,
          uniq_blork_the_orc, uniq_grinder
Sewer:    kennysheep_pipe_town

Skill      XL: |  1  2  3  4 |
---------------+-------------+-----
Dodging        | 2 3 |  3.0
Spellcasting   | 1 2 3 |  3.0
Fighting       | |  1.4
Unarmed Combat | |  3.0
Evocations     | |  0.5
Shapeshifting  | |  3.0

Action                     |  1- 3 |  4- 6 || total
---------------------------+-------+-------++-------
  Melee: Unarmed           |   114 |   114 ||   228
         Tailslap          |    16 |    15 ||    31
         Punch             |     1 |       ||     1
    Use: Scroll            |     1 |     9 ||    10
         Potion            |     1 |       ||     1
   Stab: Sleeping          |     1 |       ||     1
 Armour: Skin              |    68 |    73 ||   141
  Dodge: Dodged            |    56 |    76 ||   132
  Block: Kite shield       |    40 |    66 ||   106
